 Dungeon Crawl Stone Soup version 0.29.1-1-gd02db6906a (webtiles) character file.

Game seed: 15694983104706060621

125 gelatine the Chopper (level 4, -1/34 HPs)
             Began as a Demonspawn Gladiator on Sept 19, 2022.
             Slain by an orc
             ... wielding a +0 falchion
              (6 damage)
             ... on level 3 of the Dungeon.
             The game lasted 00:04:26 (1720 turns).

gelatine the Chopper (Demonspawn Gladiator)         Turns: 1720, Time: 00:04:27

Health: -1/34      AC:  5    Str: 16    XL:     4   Next: 82%
Magic:  0/4        EV: 16    Int: 10    God:
Gold:   93         SH:  0    Dex: 14    Spells: 3/3 levels left

rFire   . . .      SeeInvis .   g - +0 hand axe (freeze)
rCold   . . .      Faith    .   (no shield)
rNeg    . . .      Spirit   +   b - +0 leather armour
rPois   .          Reflect  .   c - +0 helmet
rElec   .          Harm     .   (no cloak)
rCorr   .          Rampage  .   (no gloves)
Will    .....                   (no boots)
Stlth   +.........              n - amulet of guardian spirit
HPRegen 0.11/turn               f - +4 ring of evasion
MPRegen 0.09/turn               (no ring)

@: no status effects
A: foul stench 1, sharp scales 1, demonic touch 1
a: no special abilities


You were on level 3 of the Dungeon.
You visited 1 branch of the dungeon, and saw 3 of its levels.

You collected 93 gold pieces.

Inventory:

Hand Weapons
 a - a +0 war axe
 g - a +0 hand axe of freezing (weapon)
Missiles
 d - 2 throwing nets (quivered)
 e - a javelin
Armour
 b - a +0 leather armour (worn)
 c - a +0 helmet (worn)
Jewellery
 f - a +4 ring of evasion (left hand)
 n - an amulet of guardian spirit (around neck)
Scrolls
 i - a scroll of silence {unknown}
 l - 2 scrolls of identify {unknown}
 o - a scroll of teleportation {unknown}
Potions
 h - 2 potions of berserk rage {unknown}
 j - a potion of resistance {unknown}
 k - 4 potions of curing {unknown}
 m - a potion of cancellation {unknown}
 p - a potion of ambrosia {unknown}


   Skills:
 + Level 2.4 Fighting
 + Level 4.0 Axes
 + Level 1.9 Throwing
 + Level 0.9 Armour
 + Level 3.5 Dodging
 + Level 0.1 Stealth


You had 3 spell levels left.
You didn't know any spells.
Your spell library was empty.

Dungeon Overview and Level Annotations

Branches:
Dungeon (3/15)

Altars:

Shops:
D:1 [


Innate Abilities, Weirdness & Mutations

You may rarely emit foul miasma when damaged in melee.
You are partially covered in razor-sharp scales. (AC +1, Slay +1)
Your touch may inflict minor irresistible damage on your foes.


Message History

You start resting.
Magic restored.
You start resting.
HP restored.
There is a stone staircase leading down here.
You climb downwards.
The orc priest calls down the wrath of Beogh upon you.
Beogh smites you!
You hear a shout!
There is a stone staircase leading up here.
The orc misses you.
You closely miss the orc. The orc closely misses you.
The orc hits you but does no damage. The orc barely misses you.
You hit the orc. You freeze the orc.
You touch the orc.
You kill the orc!
You closely miss the orc.
The orc priest mumbles some strange prayers to Beogh against you.
Beogh smites you! The orc hits you with a +0 short sword.
You hit the orc but do no damage. The orc closely misses you.
You completely miss the orc priest.
You touch the orc priest!
The orc priest is severely wounded.
You hit the orc. You freeze the orc. The orc misses you.
The orc priest hits you with a +0 club.
You hit the orc priest but do no damage.
The orc priest is severely wounded.
You hit the orc. You freeze the orc.
You kill the orc!
The orc priest mumbles some strange prayers to Beogh against you.
Pain shoots through your body!
* * * LOW HITPOINT WARNING * * *
You closely miss the orc priest.
The orc priest is severely wounded.
You hit the orc. You freeze the orc.
The orc priest calls upon Beogh to heal the orc.
The orc's wounds heal themselves!
The orc barely misses you.
Unknown command.
You closely miss the orc priest.
The orc priest is severely wounded.
You closely miss the orc. The orc hits you with a +0 falchion!
You die...

###### #..<.#
#.##@##
####.##oo##
.....$.!..#
####........#
#...........
#.......####
#.......#
#.....>..
##.....#..


You could see an orc priest and an orc.

Vanquished Creatures
  Terence (D:2)
  Jessica (D:2)
  An adder (D:3)
  2 dart slugs
  3 orcs
  5 bats
  8 endoplasms
  A giant cockroach (D:2)
  5 goblins
  8 hobgoblins
  4 jackals (D:1)
  2 kobolds
  A quokka (D:2)
  4 ball pythons
  2 frilled lizards
  3 rats (D:1)
51 creatures vanquished.

Notes
Turn   | Place    | Note
-------+----------+-------------------------------------------
     0 | D:1      | gelatine the Demonspawn Gladiator began the quest for the
                  | Orb.
     0 | D:1      | Reached XP level 1. HP: 16/16 MP: 1/1
    69 | D:1      | Found a faded altar of an unknown god.
   121 | D:1      | Gained mutation: You are partially covered in razor-sharp
                  | scales. (AC +1, Slay +1) [demonic ancestry]
   121 | D:1      | Reached XP level 2. HP: 20/22 MP: 2/2
   348 | D:1      | Found Jaly's Armour Shoppe.
   361 | D:1      | Reached skill level 3 in Axes
   766 | D:1      | Gained mutation: Your touch may inflict minor irresistible
                  | damage on your foes. [demonic ancestry]
   766 | D:1      | Reached XP level 3. HP: 27/27 MP: 3/3
  1256 | D:2      | Noticed Terence
  1263 | D:2      | Killed Terence
  1264 | D:2      | Gained mutation: You may rarely emit foul miasma when
                  | damaged in melee. [demonic ancestry]
  1264 | D:2      | Reached XP level 4. HP: 34/34 MP: 4/4
  1420 | D:2      | Noticed Jessica
  1426 | D:2      | Killed Jessica
  1522 | D:3      | Reached skill level 4 in Axes
  1720 | D:3      | Slain by an orc

Illustrated notes

Levels and vault maps discovered:
D:1:      sevenhm_arrival_forest_fort_large_3, layout_loops_ring,
          shapermc_ecumenical_altar_acropolis, serial_shops, shop_statue
D:2:      layout_basic, uniq_terence, uniq_jessica
D:3:      layout_loops_ring, serial_undead, serial_undead_a, serial_undead_e,
          serial_undead_f, serial_undead_c, serial_undead_a, serial_undead_a,
          serial_undead_b, serial_undead_d, minmay_puff

Skill      XL: |  1  2  3  4 |
---------------+-------------+-----
Dodging        | 3 |  3.5
Axes           | 3 4 |  4.0
Fighting       | |  2.4
Throwing       | |  1.9
Armour         | |  0.9
Stealth        | |  0.1

Action                   |  1- 3 |  4- 6 || total
-------------------------+-------+-------++-------
Melee: Hand axe          |    89 |    21 ||   110
       War axe           |     5 |       ||     5
       Punch             |     1 |       ||     1
       Touch             |     3 |     4 ||     7
Throw: Throwing net      |     1 |     2 ||     3
 Stab: Held in net/web   |     1 |       ||     1
Armor: Leather armour    |    18 |     3 ||    21
Dodge: Dodged            |    76 |    29 ||   105
